 Dungeon Crawl Stone Soup version 0.23-a0-650-ga4d50d4 (webtiles) character file.

297 MalarOregon the Chiller (level 6, 0/47 HPs)
             Began as a Merfolk Ice Elementalist on Jan 6, 2019.
             Slain by an orc warrior
             ... wielding a cursed +0 scimitar
              (11 damage)
             ... on level 3 of the Dungeon.
             The game lasted 00:13:53 (3495 turns).

MalarOregon the Chiller (Merfolk Ice Elementalist)  Turns: 3495, Time: 00:13:54

Health: 0/47       AC:  3    Str:  8    XL:     6   Next: 35%
Magic:  3/11       EV: 14    Int: 17    God:
Gold:   160        SH:  0    Dex: 14    Spells: 5/11 levels left

rFire    . . .     SeeInvis .   l - +0 spear
rCold    . . .     Gourm    .   (no shield)
rNeg     . . .     Faith    .   a - +0 robe
rPois    +         Spirit   .   f - +0 helmet
rElec    .         Reflect  .   (no cloak)
rCorr    .         Harm     .   (no gloves)
MR       .....                  (no boots)
Stlth    ++........             b - amulet of regeneration
HPRegen  0.55/turn              d - ring of poison resistance
MPRegen  0.12/turn              (no ring)

@: very slightly contaminated
A: change form in water, swift swim, stealthy swim
a: no special abilities


You were on level 3 of the Dungeon.
You were hungry.

You visited 1 branch of the dungeon, and saw 3 of its levels.

You collected 160 gold pieces.

Inventory:

Hand Weapons
 l - a +0 spear (weapon)
   (You took it off a gnoll on level 2 of the Dungeon)
Missiles
 n - 3 throwing nets (quivered) {!f}
Armour
 a - a +0 robe (worn)
 f - a +0 helmet (worn)
   (You found it on level 2 of the Dungeon)
Jewellery
 b - an amulet of regeneration (around neck)
   (You found it on level 1 of the Dungeon)
 d - a ring of poison resistance (left hand)
   (You found it on level 1 of the Dungeon)
Wands
 x - a wand of acid (9)
   (You found it on level 3 of the Dungeon)
Scrolls
 c - a scroll of enchant weapon
 m - a scroll of fog {unknown}
 o - 2 scrolls of magic mapping {unknown}
 p - a scroll of enchant armour {unknown}
Potions
 g - a potion of brilliance {unknown}
 h - a potion of might
 i - 2 potions of cancellation
 j - a potion of lignification {unknown}
 k - 2 potions of heal wounds {@q2}
Comestibles
 e - 8 rations {!d}
 r - 2 chunks of flesh


   Skills:
 + Level 3.0 Fighting
 + Level 2.9 Polearms
 - Level 3.8 Dodging
 - Level 2.1 Stealth
 + Level 3.4 Spellcasting
 - Level 0.7 Conjurations
 + Level 4.7 Ice Magic


You had 5 spell levels left.
You knew the following spells:

 Your Spells              Type           Power        Failure   Level  Hunger
a - Freeze                Ice            ###.         2%          1    None
b - Ozocubu's Armour      Chrm/Ice       ##......     19%         3    ###....
x - Throw Frost           Conj/Ice       ##....       9%          2    ##.....

Your spell library contained the following spells:

 Spells                   Type           Power        Failure   Level  Hunger
 Throw Icicle             Conj/Ice       ##......     50%         4    ####...
 Summon Ice Beast         Ice/Summ       ##......     54%         4    ####...


Dungeon Overview and Level Annotations

Branches:
Dungeon (3/15)

Altars:


Message History

Orders for allies: a - Attack new target. r - Retreat! s - Stop attacking. g - Guard the area. f - Follow me.
Anything else - Cancel.
You shout for attention!
The orc warrior shouts!
You are feeling hungry.
Some of the chunks of flesh in your inventory have rotted away.
What are your orders? t - Shout!
Orders for allies: a - Attack new target. r - Retreat! s - Stop attacking. g - Guard the area. f - Follow me.
Anything else - Cancel.
You shout for attention!
You hear a shout!
You see here a stone.
You see here 12 stones.
You see here 2 stones.
There is a stone staircase leading up here.
You see here a stone.
Aim: an orc warrior, wielding a +0 scimitar and wearing a +0 plate armour
Okay, then.
Attack whom?
Aim: an orc warrior, wielding a +0 scimitar and wearing a +0 plate armour You reach to attack!
You hit the orc warrior but do no damage.
Aim: an orc warrior, wielding a +0 scimitar and wearing a +0 plate armour You freeze the orc warrior.
The orc warrior closely misses you.
Aim: an orc warrior, wielding a +0 scimitar and wearing a +0 plate armour You freeze the orc warrior.
The orc warrior closely misses you.
Aim: an orc warrior, wielding a +0 scimitar and wearing a +0 plate armour You freeze the orc warrior.
The orc warrior misses you.
Aim: an orc warrior, wielding a +0 scimitar and wearing a +0 plate armour You freeze the orc warrior.
Aim: an orc warrior, wielding a +0 scimitar and wearing a +0 plate armour You freeze the orc warrior.
The orc warrior hits you with a cursed +0 scimitar!!
Aim: an orc warrior, wielding a +0 scimitar and wearing a +0 plate armour You miscast Freeze.
You are very lightly contaminated with residual magic.
Nothing appears to happen.
The orc warrior barely misses you.
Aim: an orc warrior, wielding a +0 scimitar and wearing a +0 plate armour You freeze the orc warrior.
The orc warrior closely misses you.
Aim: an orc warrior, wielding a +0 scimitar and wearing a +0 plate armour You freeze the orc warrior.
The orc warrior hits you with a cursed +0 scimitar!!
* * * LOW HITPOINT WARNING * * *
Aim: an orc warrior, wielding a +0 scimitar and wearing a +0 plate armour You freeze the orc warrior.
The orc warrior hits you with a cursed +0 scimitar!
You die...

..# ########.##.#
..# ####.##.# ..#
#.....#.# ..#
#.##..#.# ..#
##.#...#(# ..#
#.....##(###########
..#
#.....##(..........#
..#
#...####.o########.#
..#
#>..'...(@.......#.#
..#
#...############(#.#
..# #...# #.#.# ..#
##### #.#.# ..#
#.#.## ..#
######.#..## ..#
##......#...#### ..#
#.......#......# ..#
#.#.#.#.#..#.#.#


You could see an orc warrior.

Vanquished Creatures
  2 orc priests
  An orc wizard (D:3)
  2 adders (D:3)
  8 gnolls
  3 oozes
  3 worms
  4 leopard geckos
  8 orcs
  10 bats
  7 giant cockroaches
  6 goblins
  10 hobgoblins
  9 jackals
  A quokka (D:3)
  A ball python (D:1)
  5 kobolds
  7 rats
87 creatures vanquished.

Vanquished Creatures (others)
  5 toadstools (D:1)
5 creatures vanquished.

Grand Total: 92 creatures vanquished

Notes
Turn   | Place    | Note
-------+----------+-------------------------------------------
     0 | D:1      | MalarOregon the Merfolk Ice Elementalist began the quest
                  | for the Orb.
     0 | D:1      | Reached XP level 1. HP: 13/13 MP: 3/3
   123 | D:1      | Reached XP level 2. HP: 20/20 MP: 1/5
   274 | D:1      | Reached skill level 1 in Fighting
   318 | D:1      | Learned a level 2 spell: Throw Frost
   591 | D:1      | Reached XP level 3. HP: 21/26 MP: 2/6
  1085 | D:2      | Learned a level 3 spell: Ozocubu's Armour
  1730 | D:2      | Reached XP level 4. HP: 13/33 MP: 0/7
  2156 | D:3      | Reached skill level 4 in Ice Magic
  2530 | D:3      | Reached skill level 1 in Polearms
  2530 | D:3      | Reached XP level 5. HP: 38/38 MP: 4/9
  3034 | D:2      | Reached XP level 6. HP: 20/46 MP: 1/10
  3363 | D:3      | Noticed an orc warrior
  3495 | D:3      | Slain by an orc warrior

Vault maps used:
D:1:      ldierk_walled_garden
D:2:      first_ration
D:3:      serial_glass, glass_columns_c, glass_columns_a, glass_columns_b,
          glass_columns_a, glass_columns_b, glass_columns_c, glass_columns_a,
          glass_columns_b

Skill      XL: |  1  2  3  4  5  6 |
---------------+-------------------+-----
Dodging        | 3 |  3.8
Fighting       | 1 2 3 |  3.0
Ice Magic      | 4 |  4.7
Polearms       | 1 2 |  2.9
Spellcasting   | 3 |  3.4
Stealth        | |  2.1
Conjurations   | |  0.7

Action                   |  1- 3 |  4- 6 || total
-------------------------+-------+-------++-------
Melee: Unarmed           |    40 |       ||    40
       Club              |    48 |     8 ||    56
       Spear             |       |    85 ||    85
 Cast: Freeze            |    33 |    39 ||    72
       Throw Frost       |    22 |    51 ||    73
  Use: Scroll            |     6 |     1 ||     7
 Stab: Sleeping          |     3 |       ||     3
       Distracted        |       |     1 ||     1
  Eat: Chunk             |     5 |     8 ||    13
Armor: Robe              |    16 |    12 ||    28
Dodge: Dodged            |    92 |    96 ||   188

Table legend:
 A = Non-vault XP
 B = Vault XP
 C = Vault XP percentage of total XP
 D = Non-vault monster count
 E = Vault monster count
 F = Vault count percentage of total count
                 A         B        C        D         E       F
            +---------+---------+-------+---------+---------+-------
      Total |     425 |       0 |   0.0 |      87 |       0 |   0.0
            +---------+---------+-------+---------+---------+-------
        D:1 |      56 |       0 |   0.0 |      26 |       0 |   0.0
        D:2 |     101 |       0 |   0.0 |      23 |       0 |   0.0
        D:3 |     268 |       0 |   0.0 |      38 |       0 |   0.0
            +---------+---------+-------+---------+---------+-------
